Map: Pride of Altaris LE

Players

Bacon - Winner!

  • Race: Zerg Zerg
  • League: Diamond

Leor

  • Race: Terran Terran
  • League: Diamond

VOD

Have the link to the VOD?

Description

Time

  • Played on: Jan. 5, 2022, 7:27 p.m.
  • Length: 24:18
Show
View Real Time Build Order
Export as new Build Order

Bacon Zerg - Winner!

Build Orders: Pool First 

Get SALT Encoding   

  12  0:01  Drone  
  13  0:12  Overlord  
  13  0:18  Drone  
  14  0:34  Spawning Pool  
  13  0:37  Drone  
  13  0:41  Drone  
  15  0:45  Drone  
  16  0:50  Drone  
  17  1:10  Hatchery  
  16  1:16  Extractor  
  16  1:17  Extractor  
  16  1:18  Drone  
  15  1:22  Drone  
  16  1:34  Roach Warren  
  16  1:37  Drone  
  16  1:41  Drone  
  17  1:49  Drone  
  18  2:00  Queen  
  20  2:12  Overlord  
  20  2:16  Roach  
  24  2:22  Roach  
  24  2:35  Roach x2  
  28  2:45  Roach x2  
  32  2:54  Drone x2  
  32  2:58  Drone  
  35  3:04  Overlord  
  35  3:09  Ravager  
  36  3:22  Ravager  
  36  3:25  Ravager  
  26  4:29  Drone x7  
  30  4:33  Metabolic Boost  
  30  4:44  Drone  
  33  4:47  Lair, Queen  
  33  4:53  Hatchery  
  33  4:57  Baneling Nest  
  33  4:59  Drone  
  32  5:01  Drone  
  32  5:03  Overlord  
  32  5:06  Drone x4  
  37  5:13  Evolution Chamber  
  37  5:14  Drone x2  
  38  5:15  Evolution Chamber  
  37  5:27  Overlord x2  
  37  5:37  Zergling x10  
  42  5:47  Zergling x2  
  43  5:57  Baneling x2  
  43  6:05  Baneling x2  
  43  6:07  Centrifugal Hooks  
  43  6:14  Zergling x18  
  47  6:42  Zergling x20  
  48  7:08  Drone x10  
  51  7:30  Zerg Ground Armor Level 1, Zerg Melee Weapons Level 1  
  51  7:34  Baneling  
  51  7:35  Baneling x6  
  51  7:41  Extractor  
  51  7:42  Extractor  
  49  7:46  Hatchery  
  49  7:51  Drone x5  
  50  7:52  Drone x5  
  50  7:57  Drone x3  
  50  7:58  Drone x3  
  64  8:06  Infestation Pit  
  64  8:08  Zergling x4  
  65  8:14  Hatchery  
  64  8:20  Zergling x4  
  64  8:22  Overlord x4  
  59  8:54  Zergling x2  
  59  8:55  Zergling x22  
  69  9:06  Queen  
  72  9:10  Drone x7  
  72  9:12  Hive  
  77  9:23  Spore Crawler  
  76  9:29  Drone x3  
  79  9:31  Extractor  
  79  9:32  Extractor  
  79  9:33  Spore Crawler  
  76  9:39  Zergling x16  
  76  9:42  Baneling x3  
  76  9:43  Baneling x3  
  84  9:53  Zergling x12  
  84  9:54  Zergling x4  
  92  10:00  Zerg Ground Armor Level 2, Zerg Melee Weapons Level 2  
  71  10:39  Ultralisk Cavern  
  71  10:42  Zergling x14  
  77  10:43  Zergling x20  
  77  10:46  Drone  
  88  10:52  Drone x3  
  91  10:57  Baneling  
  91  10:58  Baneling x11  
  91  11:16  Drone x3  
  94  11:26  Chitinous Plating  
  94  11:31  Ultralisk  
  94  11:32  Ultralisk  
  106  11:34  Zergling x8  
  106  12:02  Overlord x6  
  100  12:28  Ultralisk  
  100  12:29  Zergling x12, Ultralisk x2  
  123  12:30  Zergling x24  
  123  12:35  Pneumatized Carapace  
  132  12:37  Overseer  
  131  12:46  Ultralisk  
  131  12:47  Ultralisk x3  
  131  12:48  Zergling x2  
  131  12:49  Zergling x4  
  158  12:52  Anabolic Synthesis  
  158  12:55  Adrenal Glands  
  158  13:05  Overseer  
  158  13:11  Zerg Melee Weapons Level 3  
  158  13:14  Baneling  
  158  13:15  Baneling x14  
  152  13:21  Zergling x10  
  157  13:42  Spore Crawler  
  155  13:52  Spore Crawler  
  154  13:56  Spore Crawler  
  150  14:18  Drone x7  
  155  14:35  Spire  
  90  15:36  Zergling x10  
  90  15:37  Zergling x30  
  87  16:26  Corruptor x5, Extractor  
  87  16:27  Corruptor x3, Extractor  
  87  16:28  Ultralisk x3  
  87  16:29  Ultralisk  
  125  16:34  Zerg Ground Armor Level 3  
  125  16:38  Zerg Flyer Weapons Level 1  
  125  16:40  Spore Crawler  
  125  16:45  Spore Crawler  
  125  16:47  Spore Crawler  
  122  16:49  Spore Crawler  
  122  16:50  Drone x6, Spine Crawler  
  122  16:53  Drone x3, Spine Crawler  
  122  16:54  Drone x4  
  130  17:01  Spore Crawler  
  131  17:05  Ultralisk  
  131  17:06  Ultralisk x3  
  131  17:08  Overlord x2  
  155  17:10  Overlord x2  
  155  17:11  Overlord x2  
  155  17:17  Baneling x15  
  155  17:24  Spine Crawler  
  154  17:30  Zergling x6  
  154  17:31  Zergling x14  
  164  17:42  Hatchery  
  164  17:43  Extractor  
  162  17:44  Hatchery, Extractor  
  162  17:50  Overlord  
  162  17:51  Overseer, Overlord x2  
  160  17:54  Overseer  
  127  18:32  Corruptor x4  
  127  18:33  Corruptor x5  
  143  18:41  Baneling  
  143  18:42  Baneling x9  
  143  18:55  Spore Crawler  
  141  19:09  Corruptor x5  
  137  19:10  Corruptor  
  137  19:16  Zerg Flyer Armor Level 1  
  142  21:30  Drone x3  
  142  21:31  Drone x3  
  142  21:32  Drone x2  
  142  21:33  Drone x3  
  142  21:53  Drone x5  
  142  22:02  Drone x4  
  142  22:06  Drone x2  
  142  22:07  Drone  
  142  22:09  Extractor  
  142  22:10  Extractor  
  142  22:14  Spine Crawler  
  142  22:17  Spine Crawler  
  142  22:18  Spine Crawler  
  142  22:20  Spore Crawler  
  142  22:22  Drone  
  142  22:23  Drone x2  
  142  22:25  Corruptor x2  
  142  22:26  Zergling x2, Ultralisk x4  
  142  22:27  Zergling x14  
  142  22:28  Zergling x2  
  142  22:40  Baneling  
  142  22:46  Baneling  
  142  22:47  Baneling x20  
  142  22:54  Spine Crawler  
  142  22:58  Spine Crawler  
  142  23:01  Drone x2  
  142  23:02  Spore Crawler  
  142  23:56  Spore Crawler  
  142  23:57  Spore Crawler  
  142  24:01  Spore Crawler  
Show
View Real Time Build Order
Export as new Build Order

Leor Terran 

Build Orders:  

Get SALT Encoding   

  12  0:00  SCV  
  13  0:14  Supply Depot  
  13  0:17  SCV  
  14  0:29  SCV  
  15  0:38  Barracks  
  15  0:42  Refinery  
  15  0:43  SCV  
  16  0:55  SCV  
  17  1:08  SCV  
  18  1:20  SCV  
  19  1:26  Barracks Reactor  
  19  1:32  Orbital Command  
  19  1:40  Command Center  
  19  1:52  Supply Depot  
  19  1:59  SCV  
  20  2:02  Marine x2  
  22  2:12  SCV  
  23  2:18  Barracks  
  23  2:20  Barracks  
  23  2:22  Marine  
  24  2:24  Marine  
  25  2:32  Bunker  
  25  2:33  SCV  
  26  2:43  Marine x2  
  28  2:46  SCV  
  29  2:52  Orbital Command  
  29  2:59  SCV  
  30  3:08  Barracks Tech Lab x2  
  30  3:12  SCV  
  31  3:22  SCV  
  31  3:24  Marine, SCV  
  31  3:25  Marine  
  35  3:32  Marine  
  35  3:33  Marine  
  37  3:34  SCV, Combat Shield, Stimpack  
  37  3:36  SCV  
  38  3:46  Orbital Command  
  37  3:50  Bunker  
  37  3:51  Marine x3  
  37  3:52  Marine  
  37  4:01  Bunker  
  34  4:09  Marine x3  
  19  4:28  Marine x3  
  19  4:30  SCV x2  
  23  4:35  Supply Depot  
  23  4:38  Marine  
  23  4:42  SCV x2  
  26  4:45  Marine  
  26  4:47  Marine  
  26  4:49  Marine  
  29  4:54  SCV x2  
  29  4:56  Marine  
  32  5:06  SCV, Marauder  
  36  5:07  Concussive Shells  
  36  5:14  Orbital Command  
  36  5:18  SCV  
  36  5:25  Marine  
  36  5:26  Marine, Marauder  
  36  5:27  Marine  
  41  5:35  Factory  
  41  5:39  SCV  
  41  5:42  SCV  
  43  5:44  Marine  
  43  5:45  Marauder  
  46  5:55  Supply Depot  
  46  5:56  Supply Depot  
  46  6:16  Marine, SCV x2  
  46  6:17  Marauder  
  46  6:18  Barracks  
  51  6:19  Barracks  
  51  6:20  Refinery  
  51  6:21  Factory Reactor  
  51  6:23  Starport  
  51  6:28  SCV x2  
  46  6:40  SCV x2  
  46  6:46  Marine x2, Marauder  
  46  6:47  Marauder  
  52  7:04  Marine x2  
  52  7:07  SCV x2  
  52  7:08  Marauder x2  
  49  7:17  Medivac  
  49  7:19  SCV x2  
  53  7:25  Marine x3  
  56  7:31  SCV x2, Bunker  
  56  7:36  Supply Depot  
  58  7:41  Medivac  
  58  7:43  SCV  
  58  7:44  SCV  
  62  7:48  Refinery x2  
  62  7:50  Factory Reactor  
  62  7:51  Barracks Reactor  
  62  7:56  Supply Depot  
  62  7:57  Marine x4  
  62  7:58  SCV x2  
  69  8:07  Barracks Reactor  
  69  8:10  SCV x2  
  70  8:17  Engineering Bay  
  70  8:18  Marine x2, Marauder  
  74  8:20  Engineering Bay  
  74  8:23  SCV x2  
  74  8:26  Supply Depot  
  73  8:36  Marauder  
  75  8:53  Marine x5, Marauder  
  75  8:54  SCV x2  
  84  8:57  Marauder  
  86  9:10  Terran Infantry Armor Level 1, Terran Infantry Weapons Level 1  
  86  9:16  Supply Depot  
  86  9:18  Supply Depot  
  86  9:20  Supply Depot  
  86  9:32  Supply Depot  
  86  9:38  SCV, Marauder, Widow Mine x2  
  93  9:39  Marine x3  
  93  9:40  Marauder  
  98  9:45  Medivac  
  98  9:46  Medivac, Command Center  
  102  9:56  SCV  
  102  9:57  Marine x2, SCV  
  102  9:59  Marauder  
  108  10:00  Widow Mine  
  108  10:01  Marauder  
  108  10:04  Widow Mine  
  77  10:36  Marine x3, Marauder x2  
  77  10:37  Widow Mine x2  
  88  10:44  SCV x2  
  88  10:48  Armory  
  90  10:50  Marine  
  90  10:51  Marine x2  
  90  10:54  Marine  
  94  10:58  Marauder x2  
  94  11:00  Marine x2  
  100  11:08  Marine  
  100  11:09  Marine  
  102  11:18  Marine x2  
  102  11:19  Marauder x2  
  108  11:27  Orbital Command  
  108  11:28  SCV  
  108  11:29  SCV  
  108  11:32  Refinery  
  110  11:35  Refinery  
  110  11:40  Marauder  
  110  11:41  Marauder  
  108  12:01  Marine x5  
  110  12:02  Medivac, Marauder x2, Widow Mine x2  
  110  12:03  Medivac  
  110  12:04  SCV x3  
  128  12:23  Marauder x2  
  118  12:31  SCV x3  
  118  12:32  Ghost Academy  
  118  12:33  Marine x3  
  118  12:36  Liberator  
  118  12:37  Liberator  
  127  12:43  SCV x2  
  128  12:45  Marauder x2  
  132  12:59  Command Center  
  132  13:01  SCV  
  133  13:05  Supply Depot  
  133  13:08  Supply Depot  
  133  13:10  Supply Depot  
  133  13:18  Marine x2  
  133  13:27  Marine x4, Marauder x2  
  133  13:34  Supply Depot  
  140  13:35  Supply Depot  
  140  13:36  Marine x2  
  135  13:48  Marauder x2  
  135  13:53  Widow Mine x2  
  135  13:54  Liberator x2  
  135  13:55  Marine x3  
  149  13:56  Marine x2  
  154  14:03  Barracks  
  154  14:04  Barracks  
  154  14:09  Ghost  
  154  14:10  Marauder  
  154  14:15  Marine x2  
  154  14:16  Orbital Command  
  160  14:18  SCV x3  
  160  14:23  Supply Depot  
  163  14:24  Personal Cloaking, Supply Depot  
  163  14:30  SCV x3  
  168  14:31  Marauder  
  168  14:37  Liberator x2, Starport  
  168  14:38  Marauder, Fusion Core  
  176  14:42  SCV x2  
  147  14:53  Marauder  
  112  15:00  Marauder  
  82  15:14  Marauder  
  82  15:20  SCV x2  
  74  15:21  Liberator, Marauder  
  74  15:22  Liberator, Orbital Command  
  74  15:28  Marine x2  
  60  15:32  SCV  
  60  15:35  Ghost  
  57  15:38  Marine x2  
  57  15:41  SCV  
  57  15:42  SCV, Ghost  
  63  15:44  SCV  
  63  15:49  SCV  
  65  15:51  Marine x3  
  65  15:52  Barracks Tech Lab  
  65  15:53  SCV  
  65  15:55  SCV  
  65  15:56  SCV  
  71  15:57  Starport Reactor  
  71  16:01  SCV  
  72  16:04  Marauder  
  72  16:05  SCV  
  75  16:11  Marauder  
  75  16:22  SCV x3  
  75  16:23  SCV  
  81  16:25  Marauder  
  81  16:26  Viking x2  
  87  16:32  Marauder  
  87  16:34  SCV x2  
  89  16:42  SCV x2  
  89  16:43  Engineering Bay  
  89  16:44  Engineering Bay  
  89  16:46  SCV x2  
  95  16:47  Marauder  
  95  16:49  Factory Tech Lab  
  95  16:50  Barracks Tech Lab  
  97  16:54  Marauder, SCV  
  97  16:55  SCV  
  97  16:58  SCV x2  
  101  17:05  Supply Depot  
  103  17:08  Marauder  
  106  17:15  Marauder, SCV  
  106  17:16  SCV x2  
  108  17:27  Supply Depot  
  108  17:33  Viking  
  108  17:34  Viking  
  108  17:37  Viking  
  114  17:38  SCV  
  114  17:39  Fusion Core  
  116  17:44  SCV x2  
  117  17:54  Refinery  
  117  18:06  Missile Turret  
  43  18:32  Missile Turret  
  42  18:41  Command Center  
  42  18:45  Siege Tank  
  45  18:50  Supply Depot  
  45  18:53  Missile Turret  
  45  18:56  SCV x2  
  47  19:08  SCV x2  
  48  19:12  Supply Depot  
  48  19:15  Supply Depot  
  48  19:21  Liberator  
  48  19:24  Liberator  
Tags
 
Add a new tag
Caveats
  • Supply blocks, unpowered buildings, or Contaminate may cause inaccurate times.
  • Supply counts are checked every 10 seconds.